 Dungeon Crawl Stone Soup version 0.23.2 (webtiles) character file.

Game seed: 8428486363737558886

473 Borgoz the Covered (level 7, 0/44 HPs)
             Began as a Gargoyle Fighter on Apr 9, 2019.
             Was an Initiate of Ashenzari.
             Slain by an ogre
             ... wielding a +0 giant club
              (21 damage)
             ... on level 4 of the Dungeon.
             The game lasted 00:04:14 (2884 turns).

Borgoz the Covered (Gargoyle Fighter)               Turns: 2884, Time: 00:04:15

Health: 0/44       AC: 13    Str: 17 (19) XL:     7   Next: 10%
Magic:  7/7        EV: 10    Int:  6 (9)  God:    Ashenzari [......]
Gold:   177        SH:  0    Dex: 11      Spells: 6/6 levels left

rFire    . . .     SeeInvis .   a - +0 rapier
rCold    . . .     Gourm    .   (no shield)
rNeg     + . .     Faith    .   b - +0 scale mail
rPois    ∞         Spirit   .   v - +1 hat
rElec    +         Reflect  .   (no cloak)
rCorr    .         Harm     .   (no gloves)
MR       .....                  (no boots)
Stlth    +.........             (no amulet)
HPRegen  0.14/turn              (no ring)
MPRegen  0.10/turn              (no ring)

@: no status effects
A: negative energy resistance 1, electricity resistance, unbreathing,
petrification resistance, rot immunity, AC +4
a: Curse Item, Renounce Religion


You were on level 4 of the Dungeon.
You worshipped Ashenzari.
Ashenzari was noncommittal.
You were hungry.

You visited 2 branches of the dungeon, and saw 5 of its levels.

You collected 177 gold pieces.

Inventory:

Hand Weapons
 a - a +0 rapier (weapon)
 p - a +0 rapier
Missiles
 r - 3 tomahawks (quivered)
Armour
 b - a +0 scale mail (worn)
 c - a +0 shield
 v - a +1 hat (worn)
 y - a +2 pair of boots
Wands
 s - a wand of random effects (23)
Scrolls
 e - 2 scrolls of amnesia {unknown}
 h - a scroll of blinking {unknown}
 j - 3 scrolls of magic mapping {unknown}
 m - 3 scrolls of teleportation {unknown}
 o - a scroll of fear {unknown}
 q - a scroll of identify {unknown}
 u - a scroll of immolation {unknown}
 x - a scroll of remove curse
Potions
 d - a potion of heal wounds {unknown}
 g - a potion of mutation {unknown}
 i - 3 potions of lignification
 k - 2 potions of brilliance
 l - a potion of berserk rage
 n - a potion of curing {unknown}
 t - a potion of agility
 w - a potion of haste {unknown}
Comestibles
 f - 11 rations


   Skills:
 + Level 4.4 Fighting
 * Level 3.8 Short Blades
 + Level 4.4 Armour
 * Level 2.9 Dodging
 + Level 3.0 Stealth
 - Level 3.2 Shields


You had 6 spell levels left.
You didn't know any spells.
Your spell library was empty.

Dungeon Overview and Level Annotations

Branches:
Dungeon (4/15)             Temple (1/1) D:4

Altars:
Ashenzari
Cheibriados
Dithmenos
Elyvilon
Fedhas
Gozag
Hepliaklqana
Kikubaaqudgha
Makhleb
Nemelex Xobeh
Okawaru
Qazlal
Ru
Sif Muna
Uskayaw
Vehumet
Wu Jian
Xom
Yredelemnul
Zin
The Shining One

Annotations:
D:3 2 transporters, cklessthan3's ghost, amateur MiBe


Innate Abilities, Weirdness & Mutations

You are resistant to torment.
Your stone body is resilient. (AC +4)
You are immune to poison.
You resist negative energy. (rN+)
You are resistant to electric shocks. (rElec)
You can survive without breathing.
You are immune to petrification.
You are immune to rotting.


Message History

The ogre shouts!
The jackal barks!
The ogre hits you but does no damage.
You hit the ogre.
The ogre is lightly wounded.
You hit the ogre.
The ogre is moderately wounded.
The ogre hits you with a +0 giant club! The howler monkey barely misses you.
You barely miss the ogre.
The ogre is moderately wounded.
The howler monkey barely misses you. The ogre hits you but does no damage.
You closely miss the ogre.
The ogre is moderately wounded.
A jackal comes into view.
The howler monkey barely misses you. The jackal barely misses you.
The ogre hits you with a +0 giant club!
The howler monkey hoots and howls with incredible vigour!
The jackal barks!
The jackal bites you but does no damage.
The ogre hits you with a +0 giant club!!
You die...

.⌠.# .##..?# #[......#########)
... .##..######.......#.......))
.... ##..##..........h.#..#.####.
#### #.#...##.........# #.
...####.#.##.....h)....# #.
..............##?.....# #.
....#.....#...###h....## #.
........#...####.O.....# #.
...........## #@......#########.
..........%.................<....
.......##########.....########.##
...###.# ##...## ##.# ...# #...
###########..# #### #####
.........## ######..## ####


You could see an ogre, a howler monkey and 2 jackals.

Vanquished Creatures
  An ice beast (D:3)
  Blork the orc (D:4)
  2 scorpions (D:4)
  A worker ant (D:2)
  3 gnolls (D:4)
  9 adders
  A shadow imp (D:3)
  2 oozes (D:1)
  4 worms
  2 dart slugs (D:2)
  2 leopard geckos
  3 orcs (D:3)
  8 bats
  3 giant cockroaches
  4 goblins
  2 hobgoblins
  4 jackals (D:2)
  6 kobolds
  2 quokkas (D:4)
  6 frilled lizards
  8 rats
74 creatures vanquished.

Notes
Turn   | Place    | Note
-------+----------+-------------------------------------------
     0 | D:1      | Borgoz the Gargoyle Fighter began the quest for the Orb.
     0 | D:1      | Reached XP level 1. HP: 14/14 MP: 1/1
    88 | D:1      | Reached XP level 2. HP: 19/19 MP: 2/2
   184 | D:1      | Reached XP level 3. HP: 22/23 MP: 3/3
   429 | D:2      | Reached skill level 1 in Dodging
   468 | D:2      | Reached skill level 1 in Stealth
   557 | D:2      | Reached XP level 4. HP: 9/29 MP: 4/4
  1057 | D:2      | Found a shattered altar of Ashenzari.
  1083 | D:2      | Reached XP level 5. HP: 33/33 MP: 5/5
  1283 | D:2      | Became a worshipper of Ashenzari the Shackled
  1461 | D:3      | Found a transporter.
  1461 | D:3      | Noticed cklessthan3's ghost (amateur MiBe)
  1506 | D:3      | Noticed an ice beast
  1525 | D:3      | HP: 1/49 [ice beast (11)]
  1528 | D:3      | Killed an ice beast
  1528 | D:3      | Reached XP level 6. HP: 2/38 MP: 6/6
  1957 | D:3      | Found a transporter.
  2211 | D:4      | Found a sparkling altar of Nemelex Xobeh.
  2218 | D:4      | Found an iron altar of Okawaru.
  2247 | D:4      | Found a shimmering altar of Xom.
  2339 | D:4      | Noticed Blork the orc
  2340 | D:4      | Found a staircase to the Ecumenical Temple.
  2374 | D:4      | Killed Blork the orc
  2374 | D:4      | Reached XP level 7. HP: 14/44 MP: 7/7
  2630 | Temple   | Entered the Ecumenical Temple
  2884 | D:4      | Slain by an ogre

Skill      XL: |  1  2  3  4  5  6 |
---------------+-------------------+-----
Short Blades   | 2 3 |  3.8
Dodging        | 1 2 |  2.9
Stealth        | 1 2 3 |  3.0
Fighting       | 4 |  4.4
Armour         | 4 |  4.4
Shields        | |  3.2

Action                   |  1- 3 |  4- 6 |  7- 9 || total
-------------------------+-------+-------+-------++-------
Melee: Rapier            |   112 |   225 |    11 ||   348
  Use: Potion            |       |     6 |       ||     6
  Eat: Chunk             |       |     5 |     1 ||     6
Armor: Scale mail        |    83 |   124 |     7 ||   214
       Skin              |       |     5 |       ||     5
Dodge: Dodged            |    92 |   129 |     5 ||   226
